 Dungeon Crawl Stone Soup version 0.19-a0-1468-ge013c26 (webtiles) character file.

96625 esc the Severer (level 15, -19/142 HPs)
             Began as a Deep Dwarf Berserker on Sept 7, 2016.
             Was a High Priest of Trog.
             Blown up by an orb spider (43 damage)
             ... with an orb of destruction
             ... on level 2 of the Spider Nest.
             The game lasted 02:44:49 (26244 turns).

esc the Severer (Deep Dwarf Berserker)             Turns: 26244, Time: 02:44:50

Health: -19/142    AC: 26    Str: 25    XL:     15   Next: 69%
Magic:  9/9        EV: 16    Int:  9    God:    Trog [*****.]
Gold:   1391       SH:  0    Dex: 17    Spells: 0 memorised, 14 levels left

rFire  + + .     SeeInvis .     a - +10 arbalest of Proximity {penet, rF+ MR+ Stlth+}
rCold  . . .     Gourm    .     S - +6 scale mail of the Burgomaster {rF+ MR+ Str+2 Int+2}
rNeg   + . .     Faith    .     (shield currently unavailable)
rPois  +         Spirit   .     w - +2 hat
rElec  .         Dismiss  .     B - +2 cloak
rCorr  .         Reflect  .     F - +0 pair of gloves
MR     +++++     Harm     .     H - +2 pair of boots of Pleasant Breezes {+Inv}
Stlth  +.........               T - amulet of magic regeneration
                                K - ring of protection from magic {MR+, !d}
                                e - ring of poison resistance {rPois, !d}

@: non-regenerating
A: damage resistance, recharge devices, negative energy resistance 1, sense
surroundings 2, slow regeneration 3
a: Device Recharging, Berserk, Trog's Hand, Brothers in Arms, Burn Spellbooks,
Renounce Religion, Evoke Invisibility


You were on level 2 of the Spider Nest.
You worshipped Trog.
Trog was extremely pleased with you.
You were not hungry.

You visited 4 branches of the dungeon, and saw 22 of its levels.
You also visited: Labyrinth and Bailey.

You collected 1968 gold pieces.
You spent 577 gold pieces at shops.

Inventory:

Hand Weapons
 a - the +10 arbalest of Proximity (weapon) {penet, rF+ MR+ Stlth+}
   (Trog gifted it to you on level 11 of the Dungeon)

   Ammo fired by it will pass through the targets it hits, potentially hitting
   all targets in its path until it reaches maximum range.
   It protects you from fire.
   It affects your resistance to hostile enchantments.
   It makes you more stealthy.
 b - a +2 executioner's axe of electrocution
   (You acquired it in a bailey)
Missiles
 h - 562 stones
 r - 5 javelins
 y - 97 bolts (quivered)
 A - 71 tomahawks
 L - 4 throwing nets {=f, !d}
 O - 6 tomahawks of returning
Armour
 w - a +2 hat (worn)
   (You found it on level 12 of the Dungeon)
 B - a +2 cloak (worn)
   (You found it on level 7 of the Dungeon)
 F - a +0 pair of gloves (worn)
   (You bought it in a shop on level 2 of the Orcish Mines)
 H - the +2 pair of boots of Pleasant Breezes (worn) {+Inv}
   (You acquired it in a bailey)

   It lets you turn invisible.
 S - the +6 scale mail of the Burgomaster (worn) {rF+ MR+ Str+2 Int+2}
   (You found it in a labyrinth)

   It affects your strength (+2).
   It affects your intelligence (+2).
   It protects you from fire.
   It affects your resistance to hostile enchantments.
Rods
 D - a +0 rod of inaccuracy (14/14) {!a}
   (You found it on level 7 of the Dungeon)
 Q - a +2 rod of clouds (13/13) {!a}
   (You found it on level 2 of the Lair of Beasts)
Jewellery
 e - a ring of poison resistance (left hand) {rPois, !d}
   (You found it on level 5 of the Dungeon)
 s - an uncursed ring of flight {+Fly, !d}
   (You took it off an orc on level 11 of the Dungeon)
 K - a ring of protection from magic (right hand) {MR+, !d}
   (You found it on level 8 of the Dungeon)
 T - an amulet of magic regeneration (around neck)
   (You found it on level 4 of the Lair of Beasts)
Wands
 c - a wand of heal wounds (2/9)
 i - a wand of polymorph (12/24)
   (You found it on level 2 of the Lair of Beasts)
 j - a wand of lightning (4/15)
   (You found it on level 4 of the Lair of Beasts)
 u - a wand of polymorph (12/24)
   (You found it on level 12 of the Dungeon)
 M - a wand of iceblast (7/15)
   (You found it on level 9 of the Dungeon)
 P - a wand of acid (4/15)
   (You found it on level 2 of the Lair of Beasts)
Scrolls
 q - 2 scrolls of teleportation
 v - 2 scrolls of blinking {!r}
 C - 5 scrolls of remove curse
 I - 4 scrolls of enchant armour
Potions
 g - 2 potions of ambrosia {unknown}
 k - 4 potions of flight
 l - 2 potions of agility
 o - 4 potions of curing
 p - 2 potions of haste
 t - a potion of lignification {unknown}
 x - 3 potions of brilliance
 z - 3 potions of resistance
 E - 2 potions of magic
 N - 4 potions of cancellation
 W - a potion of invisibility
Miscellaneous
 m - a phial of floods
   (You found it on level 10 of the Dungeon)
 n - a sack of spiders
Comestibles
 d - 5 bread rations {@e1}
 G - 5 meat rations {@e2}
 J - 8 chunks of flesh {@w0}
 U - 35 fruits


   Skills:
 - Level 11.4 Fighting
 + Level 16.7 Axes
 + Level 14.6 Crossbows
 - Level 13.2 Armour
 - Level 7.8 Dodging
 - Level 8.9 Evocations


You had 14 spell levels left.
You didn't know any spells.

Dungeon Overview and Level Annotations

Branches:
Dungeon (12/15)            Temple (0/1) D:4            Lair (6/6) D:8
 Shoals (0/4) Lair:3       Spider (2/4) Lair:2        Slime (0/5) Lair:6
    Orc (2/2) D:9             Elf (0/3) Orc:2

Altars:
Cheibriados
Sif Muna
Beogh

Shops:
D:4 *   D:11 *   Orc:2 [!([

Portals:
Trove: D:11 (give 7 potions of haste)

Annotations:
D:4 Pikel
D:6 Prince Ribbit
Lair:2 exclusion: ice statue
Lair:3 exclusion: oklob plant


Innate Abilities, Weirdness & Mutations

You are resistant to damage.
You can recharge devices by infusing magical energy.
You resist negative energy. (rN+)
You passively map the area around you.
You do not regenerate.


Message History

Trog accepts your kill.
You slash the emperor scorpion! The emperor scorpion stings you.
The emperor scorpion claws you but does no damage.
The emperor scorpion misses you.
You hit the emperor scorpion. The emperor scorpion barely misses you.
The emperor scorpion claws you but does no damage. x2
The emperor scorpion stings you but does no damage.
The emperor scorpion claws you but does no damage. x2
You slash the emperor scorpion!
The emperor scorpion closely misses you. x2
The emperor scorpion claws you but does no damage.
You completely miss the emperor scorpion.
The emperor scorpion stings you but does no damage.
The emperor scorpion barely misses you.
The emperor scorpion claws you but does no damage.
The orb spider spins a strand of pure energy.
You slash the emperor scorpion!
There is a sudden explosion of sparks!
The emperor scorpion misses you.
The emperor scorpion closely misses you.
The emperor scorpion claws you but does no damage.
You regained 2 hp, and now have 92/142 hp.
You barely miss the emperor scorpion.
The emperor scorpion stings you but does no damage.
The emperor scorpion completely misses you.
The emperor scorpion closely misses you.
The orb spider weaves a glowing orb of energy.
An orb of destruction comes into view.
You hit the emperor scorpion but do no damage.
There is a sudden explosion of sparks!
The emperor scorpion stings you but does no damage.
The emperor scorpion claws you but does no damage.
The emperor scorpion closely misses you.
The orb of destruction hits you!
The emperor scorpion stings you but does no damage.
The emperor scorpion claws you but does no damage. x2
You take 38 damage, and have 55/142 hp.
MASSIVE DAMAGE!!
You barely miss the emperor scorpion.
The emperor scorpion closely misses you.
The emperor scorpion claws you but does no damage. x2
The orb spider pulsates with a strange energy.
You slash the emperor scorpion!
The emperor scorpion closely misses you. x2
The emperor scorpion barely misses you.
You closely miss the emperor scorpion.
The emperor scorpion stings you but does no damage.
The emperor scorpion claws you.
The emperor scorpion claws you but does no damage.
You take 1 damage, and have 56/142 hp.
Your scale mail of the Burgomaster prevents you from hitting the emperor scorpion.
The emperor scorpion misses you.
The emperor scorpion claws you but does no damage.
The emperor scorpion barely misses you.
You slash the emperor scorpion!
There is a sudden explosion of sparks!
The emperor scorpion stings you!
The emperor scorpion claws you but does no damage.
The emperor scorpion completely misses you.
The orb spider weaves a glowing orb of energy.
An orb of destruction comes into view.
You take 11 damage, and have 46/142 hp.
The emperor scorpion barely misses you.
The emperor scorpion claws you but does no damage.
The emperor scorpion closely misses you.
You slice the emperor scorpion!!
There is a sudden explosion of sparks!
You kill the emperor scorpion!
Trog accepts your kill.
The orb spider pulsates with a strange energy.
The orb of destruction hits you!
* * * LOW HITPOINT WARNING * * *
You take 30 damage, and have 17/142 hp.
MASSIVE DAMAGE!!
Your +2 executioner's axe of electrocution stops crackling.
Your hands briefly pass through it before you manage to get a firm grip on it.
a - the +10 arbalest of Proximity (weapon)
{penet, rF+ MR+ Stlth+} You feel the effects of Trog's Hand fading.
You are too injured to fight recklessly!
Aim: an orb spider (fully charged, clinging)
You shoot a bolt.
The bolt pierces through the orb spider.
Aim: an orb spider (lightly wounded, fully charged, clinging)
Okay, then.
Your skin stops crawling.
You feel less resistant to hostile enchantments.
You found a web!
The orb spider weaves a glowing orb of energy.
An orb of destruction comes into view.
Aim: an orb spider (clinging)
You shoot a bolt.
The bolt pierces through the orb spider!
The rock wall explodes into countless fragments.
The orb spider pulsates with a strange energy.
Aim: an orb spider (moderately wounded, fully charged)
You shoot a bolt. The bolt barely misses the orb spider.
The orb spider weaves a glowing orb of energy.
An orb of destruction comes into view.
Aim: an orb spider (moderately wounded)
Okay, then.
Unknown command.
The orb of destruction hits you!
You die...

#.......(.......#.
#.....#......#....
#......#..........
#...§..#.#..##.>..
#####(.§s...^#..s.^#..
#..##.#§......(....#..
####..##^§^.....#...#....
##^.#..#.#§......#.....#(.
#........@..##.......#..^(
##........#...........#....
#....)...........^.........
##...#.#..#..####.#...#....
#...#.....#...^...........
#..#...#....#......#.....#
####..#.....#.###.........
#.......^|........#...,,,
#..#......^....#......,*,


You could see an orb spider.

Vanquished Creatures
  Rupert (Spider:1)
  2 emperor scorpions
  An entropy weaver (Spider:1)
  Snorg (Orc:1)
  Josephine (D:11)
  A minotaur (Lab)
  Harold (D:10)
  3 hydras
  4 death yaks (Lair:6)
  A tengu warrior (D:11)
  The ghost of Xiguana the Fighter, a novice DsCK of Xom (D:9)
  Urug (Orc:1)
  4 orc high priests
  9 orb spiders
  3 hill giants
  An orc knight (Orc:2)
  2 orc sorcerers
  9 wolf spiders
  3 griffons
  3 cyclopes
  2 hornets (Spider:1)
  2 manticores
  13 elephants
  A moth of wrath (Spider:1)
  Joseph (D:10)
  Maurice (D:9)
  7 black mambas
  A torpor snail (Spider:2)
  8 spiny frogs
  A kobold demonologist (Bailey)
  5 komodo dragons
  2 demonic crawlers
  5 trolls
  2 meliai (Spider:2)
  16 jumping spiders
  6 polar bears
  4 slime creatures
  2 two-headed ogres (D:12)
  12 blink frogs
  8 dream sheep
  A boulder beetle (Spider:1)
  13 spriggans (Lair:6)
  5 wraiths (D:11)
  34 redbacks (Spider:1)
  5 tarantellas
  2 wyverns
  34 yaks
  Sigmund (D:6)
  4 basilisks (Lab)
  9 hippogriffs
  3 hungry ghosts
  Edmund (D:6)
  Menkaure (D:7)
  5 wargs
  12 water moccasins
  2 hell hounds (D:8)
  6 porcupines
  51 orc warriors
  7 ice beasts
  2 slaves
  An eye of draining (D:12)
  8 phantoms
  2 sky beasts
  3 black bears
  16 ogres
  3 boggarts (Lair:6)
  5 wasps
  7 necrophages
  31 wolves
  8 crocodiles
  2 centaurs (D:10)
  6 big kobolds
  Blork the orc (D:6)
  12 giant frogs
  A killer bee (D:7)
  12 scorpions
  3 wights (D:11)
  5 electric eels
  5 howler monkeys
  A crimson imp (D:6)
  3 centaur zombies
  9 hounds
  2 quasits
  9 jellies
  29 orc priests
  27 orc wizards
  3 centaur skeletons
  3 giant frog skeletons
  7 iguanas
  10 worker ants
  Natasha (D:2)
  A killer bee zombie (D:7)
  3 hound zombies
  A hound skeleton (D:10)
  Robin (D:3)
  16 adders
  13 gnolls
  64 river rats
  3 shadow imps
  A white imp (Lair:2)
  An ooze (D:5)
  2 adder zombies
  2 worms
  A dart slug (D:2)
  A giant gecko (D:5)
  121 orcs
  18 bats
  11 giant cockroaches
  21 goblins
  16 hobgoblins
  7 jackals
  5 quokkas
  A ball python (D:4)
  A ball python skeleton (D:4)
  A giant cockroach zombie (D:5)
  3 giant newts (D:2)
  A jackal skeleton (D:7)
  34 kobolds
  A quokka zombie (D:8)
  13 rats
  2 fungi
  6 plants
956 creatures vanquished.

Vanquished Creatures (collateral kills)
  Arachne (Spider:2)
  An orc warlord (Orc:2)
  A death yak (Lair:6)
  An orb spider (Spider:2)
  2 slime creatures (D:12)
  A torpor snail (Spider:2)
  A centaur zombie (D:12)
  A spiny frog (Lair:2)
  A meliai (Spider:2)
  A polar bear (Lair:2)
  6 dream sheep (Lair:6)
  2 orc warriors (Orc:2)
  2 ice beasts (Lair:2)
  A wasp (Lair:6)
  A big kobold (D:12)
  A worker ant (D:12)
  3 orcs (Orc:2)
  A butterfly (Lair:6)
28 creatures vanquished.

Vanquished Creatures (others)
  A redback (Spider:1)
  2 orcs (D:7)
  28 fungi
  7 plants
38 creatures vanquished.

Grand Total: 1022 creatures vanquished

Notes
Turn   | Place    | Note
-------+----------+-------------------------------------------
     0 | D:1      | esc the Deep Dwarf Berserker began the quest for the Orb.
     0 | D:1      | Reached XP level 1. HP: 20/20 MP: 1/1
   290 | D:1      | Reached XP level 2. HP: 22/27 MP: 2/2
   610 | D:2      | Reached ** piety under Trog
   635 | D:2      | Reached skill level 1 in Evocations
   687 | D:2      | Found a faded altar of an unknown god.
   715 | D:2      | Reached XP level 3. HP: 23/33 MP: 3/3
   911 | D:2      | Reached skill level 3 in Fighting
  1147 | D:2      | Reached skill level 2 in Evocations
  1154 | D:2      | Reached XP level 4. HP: 24/42 MP: 5/5
  1173 | D:2      | Noticed Natasha
  1186 | D:2      | Killed Natasha
  1186 | D:2      | Reached skill level 4 in Axes
  1363 | D:3      | Noticed a giant frog
  1366 | D:3      | Killed a giant frog
  1366 | D:3      | Reached skill level 3 in Armour
  1366 | D:3      | Reached skill level 3 in Dodging
  1366 | D:3      | Reached XP level 5. HP: 39/49 MP: 5/7
  1451 | D:3      | Noticed Robin
  1471 | D:3      | Killed Robin
  1471 | D:3      | Reached skill level 3 in Evocations
  1554 | D:3      | Reached *** piety under Trog
  2161 | D:4      | Found Tuyputoi's General Store.
  2220 | D:4      | Reached XP level 6. HP: 32/56 MP: 8/8
  2284 | D:4      | Found a staircase to the Ecumenical Temple.
  2286 | D:4      | Noticed a slave
  2286 | D:4      | Noticed a slave
  2287 | D:4      | Noticed Pikel
  2399 | D:5      | Entered Level 5 of the Dungeon
  2414 | D:5      | Killed a slave
  2422 | D:5      | Reached skill level 4 in Armour
  2489 | D:5      | HP: 12/57 [worker ant (4)]
  2508 | D:5      | Reached skill level 4 in Evocations
  2649 | D:5      | Reached skill level 5 in Axes
  2649 | D:5      | Reached skill level 4 in Dodging
  2771 | D:5      | Reached skill level 4 in Fighting
  2771 | D:5      | Reached XP level 7. HP: 25/64 MP: 10/10
  2931 | D:5      | HP: 15/64 [scorpion (6)]
  3823 | D:6      | HP: 15/66 [orc/vampiric trident (7)]
  3877 | D:6      | Reached skill level 5 in Armour
  3958 | D:6      | Noticed Edmund
  3978 | D:6      | Killed Edmund
  3978 | D:6      | Reached skill level 6 in Axes
  3978 | D:6      | Reached XP level 8. HP: 56/73 MP: 11/11
  4015 | D:6      | Noticed Prince Ribbit
  4063 | D:6      | Reached skill level 5 in Fighting
  4272 | D:6      | HP: 15/74 [orc warrior/hand axe (12)]
  4275 | D:6      | Reached skill level 6 in Armour
  4295 | D:6      | HP: 14/75 [orc wizard/magic dart (2)]
  4427 | D:6      | Reached skill level 7 in Axes
  4607 | D:6      | Noticed Blork the orc
  4621 | D:6      | Killed Blork the orc
  4679 | D:6      | Noticed Sigmund
  4712 | D:6      | Killed Sigmund
  4712 | D:6      | Reached skill level 6 in Fighting
  4712 | D:6      | Reached skill level 7 in Armour
  4712 | D:6      | Gained mutation: You passively map the area around you. [Deep Dwarf growth]
  4712 | D:6      | Reached XP level 9. HP: 24/82 MP: 12/12
  5135 | D:6      | HP: 17/82 [Prince Ribbit (10)]
  5136 | D:6      | HP: 8/82 [Prince Ribbit (10)]
  5644 | D:7      | Reached skill level 8 in Axes
  5686 | D:7      | Identified a +0 rod of inaccuracy (14/14) (You found it on level 7 of the Dungeon)
  5834 | D:7      | HP: 18/85 [ogre/giant club (12)]
  5881 | D:7      | Reached skill level 8 in Armour
  5933 | D:7      | Noticed Menkaure
  5941 | D:7      | HP: 31/127 [??? (25)]
  5943 | D:7      | Killed Menkaure
  5943 | D:7      | Reached skill level 7 in Fighting
  6060 | D:7      | Found a deep blue altar of Sif Muna.
  6185 | D:7      | Reached skill level 9 in Axes
  6298 | D:7      | Noticed a troll
  6708 | D:8      | Found a staircase to the Lair.
  6721 | D:8      | Reached XP level 10. HP: 41/94 MP: 12/12
  6858 | D:8      | Reached skill level 9 in Armour
  6898 | D:8      | HP: 24/96 [/a scroll of torment (17)]
  7208 | D:8      | Noticed a hill giant
  7219 | D:8      | Killed a hill giant
  7219 | D:8      | Reached skill level 8 in Fighting
  7811 | Lair:1   | Entered Level 1 of the Lair of Beasts
  7845 | Lair:1   | HP: 22/96 [komodo dragon (17)]
  7858 | Lair:1   | Reached skill level 10 in Axes
  8503 | Lair:1   | Reached **** piety under Trog
  8628 | Lair:1   | Reached skill level 10 in Armour
  8694 | Lair:1   | Got a polished hunting sling
  8695 | Lair:1   | Identified the +4 hunting sling "Cualash" {freeze, rC- Int+3 SInv} (You found it on level 1 of the Lair of Beasts)
  8861 | Lair:2   | Reached skill level 9 in Fighting
  8861 | Lair:2   | Reached XP level 11. HP: 66/106 MP: 13/13
  8967 | Lair:2   | HP: 23/106 [black mamba (11)]
  8972 | Lair:2   | HP: 19/106 [ice beast (4)]
  8981 | Lair:2   | Reached skill level 11 in Axes
  8981 | Lair:2   | HP: 23/106 [ice beast[an ice statue] (1)]
  8988 | Lair:2   | Found a labyrinth entrance.
  8995 | Lair:2   | HP: 9/106 [spiny frog (9)]
  9002 | Lair:2   | HP: 22/106 [spiny frog (11)]
  9016 | Lab      | Entered a labyrinth
  9023 | Lab      | Identified a +2 rod of clouds (13/13) (You found it on level 2 of the Lair of Beasts)
 11264 | Lab      | Noticed a minotaur
 11272 | Lab      | Killed a minotaur
 11272 | Lab      | Reached skill level 11 in Armour
 11295 | Lab      | Got a fine scale mail
 11295 | Lab      | Got a faintly glowing chain mail
 11333 | Lair:2   | Identified the cursed +1 chain mail of Vanity {MR+} (You found it in a labyrinth)
 11344 | Lair:2   | Identified the +6 scale mail of the Burgomaster {rF+ MR+ Str+2 Int+2} (You found it in a labyrinth)
 11437 | Lair:2   | Reached skill level 5 in Dodging
 11498 | Lair:2   | Found a hole to the Spider Nest.
 11518 | Lair:2   | Reached skill level 5 in Evocations
 11592 | Lair:2   | Noticed a griffon
 11609 | Lair:2   | Killed a griffon
 12065 | Lair:3   | HP: 19/108 [komodo dragon (12)]
 12077 | Lair:3   | HP: 24/108 [porcupine (6)]
 12080 | Lair:3   | HP: 10/108 [porcupine (7)]
 12099 | Lair:2   | HP: 27/108 [blink frog (7)]
 12134 | Lair:3   | Found a deep blue altar of Sif Muna.
 12134 | Lair:3   | Noticed an oklob plant
 12197 | Lair:3   | Reached skill level 6 in Evocations
 12210 | Lair:3   | Found a staircase to the Shoals.
 12433 | Lair:3   | Reached skill level 6 in Dodging
 12466 | Lair:3   | Reached skill level 10 in Fighting
 12568 | Lair:3   | Reached XP level 12. HP: 90/116 MP: 14/14
 13069 | Lair:3   | You fall through a shaft for 2 floors!
 13426 | Lair:5   | Reached skill level 7 in Evocations
 13530 | Lair:5   | HP: 27/116 [spiny frog (7)]
 13533 | Lair:5   | Reached skill level 12 in Axes
 13546 | Lair:5   | Noticed a five-headed hydra
 13644 | Lair:5   | Noticed a four-headed hydra
 13743 | Lair:4   | HP: 27/116 [black mamba (10)]
 13804 | Lair:4   | HP: 25/116 [elephant (2)]
 13858 | Lair:4   | HP: 43/174 [elephant (8)]
 13875 | Lair:4   | HP: 28/116 [elephant (2)]
 13877 | Lair:4   | Noticed a four-headed hydra
 13886 | Lair:4   | HP: 25/116 [iguana (3)]
 14138 | Lair:4   | HP: 20/116 [spiny frog (10)]
 14139 | Lair:4   | Reached skill level 12 in Armour
 14275 | Lair:4   | Reached skill level 7 in Dodging
 14285 | Lair:4   | Reached skill level 8 in Evocations
 14613 | Lair:4   | Killed a four-headed hydra
 15002 | Lair:3   | HP: 22/118 [komodo dragon (24)]
 15415 | Lair:5   | Killed a five-headed hydra
 15619 | Lair:6   | Entered Level 6 of the Lair of Beasts
 15658 | Lair:6   | Reached skill level 1 in Crossbows
 15659 | Lair:6   | Reached skill level 2 in Crossbows
 15659 | Lair:6   | Reached XP level 13. HP: 88/126 MP: 13/13
 15666 | Lair:6   | Reached skill level 3 in Crossbows
 15739 | Lair:6   | Reached skill level 4 in Crossbows
 15784 | Lair:6   | HP: 28/126 [slime creature (11)]
 15824 | Lair:6   | Found a staircase to the Slime Pits.
 15858 | Lair:6   | Reached skill level 5 in Crossbows
 16101 | Lair:6   | Reached skill level 6 in Crossbows
 16108 | Lair:6   | Reached ***** piety under Trog
 16306 | Lair:6   | Reached skill level 7 in Crossbows
 16394 | Lair:6   | Reached skill level 8 in Crossbows
 16423 | Lair:6   | HP: 25/126 [dream sheep (23)]
 16425 | Lair:6   | Received a gift from Trog
 16604 | Lair:6   | Reached skill level 9 in Crossbows
 16777 | Lair:6   | Received a gift from Trog
 16852 | Lair:6   | Reached skill level 10 in Crossbows
 16926 | Lair:6   | HP: 24/126 [spriggan rider/spear of piercing (10)]
 16934 | Lair:6   | HP: 26/126 [spriggan rider/spear of piercing (7)]
 17098 | Lair:6   | Reached skill level 13 in Axes
 17137 | Lair:6   | Reached skill level 11 in Fighting
 18114 | D:9      | Found a staircase to the Orcish Mines.
 18143 | D:9      | Noticed Maurice
 18151 | D:9      | Killed Maurice
 18171 | D:9      | Found a roughly hewn altar of Beogh.
 18345 | D:9      | Gained mutation: You resist negative energy. (rN+) [Deep Dwarf growth]
 18345 | D:9      | Reached XP level 14. HP: 90/135 MP: 11/11
 18641 | D:9      | Received a gift from Trog
 19055 | Orc:1    | Entered Level 1 of the Orcish Mines
 19075 | Orc:1    | Received a gift from Trog
 19075 | Orc:1    | Reached skill level 13 in Armour
 19139 | Orc:1    | Noticed Snorg
 19156 | Orc:1    | Killed Snorg
 19212 | Orc:1    | Found a flagged portal.
 19358 | Bailey   | Entered a bailey
 19416 | Bailey   | Found an iron altar of Okawaru.
 19419 | Bailey   | Reached ****** piety under Trog
 19558 | Bailey   | Got an ancient great mace
 19813 | Bailey   | Got a pair of dazzling boots
 19825 | Bailey   | Identified the +2 pair of boots of Pleasant Breezes {+Inv} (You acquired it in a bailey)
 20053 | D:10     | Entered Level 10 of the Dungeon
 20067 | D:10     | Received a gift from Trog
 20074 | D:10     | Reached skill level 11 in Crossbows
 20179 | D:10     | Noticed Joseph
 20210 | D:10     | Killed Joseph
 20384 | D:4      | Bought 24 bolts for 48 gold pieces
 20384 | D:4      | Bought a slice of pizza for 15 gold pieces
 20496 | D:9      | Noticed Xiguana's ghost (novice DsCK)
 20504 | D:9      | HP: 24/135 [Xiguana's ghost/stone arrow (27)]
 20505 | D:9      | Killed Xiguana's ghost
 20617 | D:10     | Noticed Harold
 20627 | D:10     | Killed Harold
 21252 | D:11     | Noticed Josephine
 21257 | D:11     | Killed Josephine
 21257 | D:11     | Reached skill level 14 in Axes
 21290 | D:11     | Found a portal to a secret trove of treasure.
 21383 | D:11     | Found Qoguis's General Store.
 21386 | D:11     | Bought a scroll of remove curse for 39 gold pieces
 21386 | D:11     | Bought a scroll of teleportation for 39 gold pieces
 21386 | D:11     | Bought a scroll of enchant weapon for 97 gold pieces
 21581 | D:11     | Received a gift from Trog
 21827 | D:11     | Received a gift from Trog
 21828 | D:11     | Got a pitted arbalest {god gift}
 21830 | D:11     | Identified the +10 arbalest of Proximity {penet, rF+ MR+ Stlth+} (Trog gifted it to you on level 11 of the Dungeon)
 22153 | D:12     | Found a snail-covered altar of Cheibriados.
 22309 | D:12     | Reached skill level 12 in Crossbows
 23066 | Orc:1    | Noticed Urug
 23084 | Orc:1    | Killed Urug
 23318 | Orc:2    | Entered Level 2 of the Orcish Mines
 23318 | Orc:2    | Found a staircase to the Elven Halls.
 23795 | Orc:2    | Found a roughly hewn altar of Beogh.
 23799 | Orc:2    | Received a gift from Trog
 23827 | Orc:2    | Found Laxzeth's Armour Boutique.
 23845 | Orc:2    | Bought a +0 pair of gloves for 54 gold pieces
 23897 | Orc:2    | Noticed an orc warlord
 23926 | Orc:2    | Killed an orc warlord
 23926 | Orc:2    | Reached skill level 15 in Axes
 23954 | Orc:2    | Found Borghac's Antique Weapon Shoppe.
 23956 | Orc:2    | Found a roughly hewn altar of Beogh.
 23959 | Orc:2    | Found Qankumm's Antique Armour Emporium.
 24077 | Orc:2    | Found a roughly hewn altar of Beogh.
 24092 | Orc:2    | Found Hoischok's Distillery.
 24130 | Orc:2    | Bought a potion of agility for 60 gold pieces
 24130 | Orc:2    | Bought 2 potions of heal wounds for 150 gold pieces
 24130 | Orc:2    | Bought a potion of heal wounds for 75 gold pieces
 24167 | Orc:2    | Found a roughly hewn altar of Beogh.
 24331 | Orc:2    | Found a roughly hewn altar of Beogh.
 24375 | Orc:2    | Found a roughly hewn altar of Beogh.
 24403 | Orc:2    | Found a roughly hewn altar of Beogh.
 24406 | Orc:2    | Received a gift from Trog
 24577 | Spider:1 | Entered Level 1 of the Spider Nest
 24631 | Spider:1 | HP: 32/135 [redback (6)]
 24665 | Spider:1 | Reached XP level 15. HP: 80/142 MP: 12/12
 24674 | Spider:1 | Noticed Rupert
 24684 | Spider:1 | HP: 28/142 [Rupert/battleaxe of freezing (28)]
 24690 | Spider:1 | HP: 33/142 [Rupert/battleaxe of freezing (4)]
 24691 | Spider:1 | Killed Rupert
 24691 | Spider:1 | Reached skill level 13 in Crossbows
 24712 | Spider:1 | Received a gift from Trog
 25338 | Spider:1 | Reached skill level 16 in Axes
 25415 | Spider:1 | Received a gift from Trog
 25477 | Spider:1 | Reached skill level 14 in Crossbows
 26019 | Spider:2 | Noticed Arachne
 26052 | Spider:2 | HP: 34/142 [Arachne/staff of poison (16)]
 26057 | Spider:2 | HP: 31/142 [Arachne/poison arrow (25)]
 26066 | Spider:2 | Killed Arachne
 26222 | Spider:2 | HP: 17/142 [disintegration (31)]
 26244 | Spider:2 | Blown up by an orb spider

Vault maps used:
D:1:      dpeg_arrival_concentric_ovals
D:2:      ecumenical_altar_2, first_bread, uniq_natasha
D:3:      uniq_robin
D:4:      serial_shops, nicolae_shop_waterfront, uniq_pikel
D:6:      nicolae_underground_beach, uniq_prince_ribbit1, uniq_sigmund,
          uniq_edmund, uniq_blork_the_orc
D:7:      old_forge, basic_altar, nrook_pool_corridor, uniq_menkaure
D:8:      minmay_lair_entry_lava, minmay_crossroads
D:9:      minmay_orc_entry_temple_large, uniq_maurice
D:10:     uniq_joseph, uniq_harold
D:11:     trove_entry_hex_spiral, serial_shops, kennysheep_mini_moat,
          grunt_tengu_nest, grunt_decor_resistance, uniq_josephine
D:12:     cheibriados_altar_1
Lair:2:   nicolae_spider_entry_non_spiders, lab_entry_generic, ice2_lemuel,
          grunt_megastairs_1
Lair:3:   elwin_shoals_entry_rooms, lemuel_oklob_altar, bh_autumn_forest_stairs
Lair:4:   roderic_carrion_pond, lemuel_fruit_tree
Lair:5:   nicolae_volcano_entry_s_turn
Lair:6:   minmay_lair_end_enchanted_forest, minmay_slime_entry_pillars,
          infiniplex_staircase_pool_2, lemuel_fruit_fields
Spider:1: nicolae_spider_nook, uniq_rupert
Spider:2: nicolae_spider_stair_cavern, uniq_arachne, uniq_azrael
Orc:1:    enter_bailey_8, uniq_urug, uniq_snorg
Orc:2:    grunt_orc_community_town_hall, grunt_orc_community_big_house_1,
          grunt_orc_community_big_house_1, grunt_orc_community_house_1,
          grunt_orc_community_house_1, grunt_orc_community_house_3,
          grunt_orc_community_house_2
Lab:      nicolae_lab_swirl
Bailey:   bailey_axe_of_yendor_kennysheep, bailey

Skill      XL: |  1  2  3  4  5  6  7  8  9 10 11 12 13 14 15 |
---------------+----------------------------------------------+-----
Evocations     | 1 2 3 4 6 8 |  8.9
Fighting       | 3 4 6 7 9 10 11 | 11.4
Axes           | 4 5 6 7 9 10 11 12 13 15 16 | 16.7
Armour         | 3 4 5 7 8 10 11 12 13 | 13.2
Dodging        | 3 4 6 7 |  7.8
Crossbows      | 2 10 12 14 | 14.6

Action                   |  1- 3 |  4- 6 |  7- 9 | 10-12 | 13-15 || total
-------------------------+-------+-------+-------+-------+-------++-------
Melee: Hand axe          |   119 |   145 |       |       |       ||   264
       War axe           |       |    70 |   486 |   831 |   450 ||  1837
       Knife             |       |       |       |       |    20 ||    20
       Executioner's axe |       |       |       |       |   319 ||   319
 Fire: Blowgun           |       |       |    75 |    16 |       ||    91
       Hand crossbow     |       |       |       |    15 |   330 ||   345
       Arbalest          |       |       |       |       |   448 ||   448
Invok: Trog's Hand       |     1 |     4 |    24 |    24 |    18 ||    71
       Berserk           |       |       |     8 |     6 |     4 ||    18
       Brothers in Arms  |       |       |       |     1 |     3 ||     4
       Burn Spellbooks   |       |       |       |     1 |       ||     1
 Abil: Device Recharging |       |       |     1 |     5 |     6 ||    12
Evoke: Wand              |       |     2 |     7 |    50 |    44 ||   103
       Rod               |       |       |     7 |    43 |    69 ||   119
       Sack of spiders   |       |       |       |     4 |     4 ||     8
  Use: Scroll            |     6 |     5 |     4 |    13 |    16 ||    44
       Potion            |       |       |       |     2 |    13 ||    15
 Stab: Sleeping          |       |     1 |       |       |       ||     1
       Confused          |       |       |       |     4 |     6 ||    10
       Distracted        |       |       |       |       |     2 ||     2
  Eat: Chunk             |     1 |     7 |    27 |    32 |    51 ||   118
       Pizza             |       |       |     2 |     2 |     3 ||     7
       Beef jerky        |       |       |     2 |     1 |     2 ||     5
       Meat ration       |       |       |     2 |     1 |       ||     3
       Fruit             |       |       |     2 |       |    11 ||    13
       Royal jelly       |       |       |     1 |     1 |     1 ||     3
       Bread ration      |       |       |       |     2 |       ||     2
Armor: Animal skin       |     2 |       |       |       |       ||     2
       Ring mail         |    26 |    31 |       |       |       ||    57
       Robe              |       |     3 |    10 |       |       ||    13
       Plate armour      |       |       |   244 |   222 |       ||   466
       Scale mail        |       |       |       |   194 |   572 ||   766
Dodge: Dodged            |    80 |   161 |   246 |   485 |   889 ||  1861

Vault maps used:
D:1:      dpeg_arrival_concentric_ovals
D:2:      ecumenical_altar_2, first_bread, uniq_natasha
D:3:      uniq_robin
D:4:      serial_shops, nicolae_shop_waterfront, uniq_pikel
D:6:      nicolae_underground_beach, uniq_prince_ribbit1, uniq_sigmund,
          uniq_edmund, uniq_blork_the_orc
D:7:      old_forge, basic_altar, nrook_pool_corridor, uniq_menkaure
D:8:      minmay_lair_entry_lava, minmay_crossroads
D:9:      minmay_orc_entry_temple_large, uniq_maurice
D:10:     uniq_joseph, uniq_harold
D:11:     trove_entry_hex_spiral, serial_shops, kennysheep_mini_moat,
          grunt_tengu_nest, grunt_decor_resistance, uniq_josephine
D:12:     cheibriados_altar_1
Lair:2:   nicolae_spider_entry_non_spiders, lab_entry_generic, ice2_lemuel,
          grunt_megastairs_1
Lair:3:   elwin_shoals_entry_rooms, lemuel_oklob_altar, bh_autumn_forest_stairs
Lair:4:   roderic_carrion_pond, lemuel_fruit_tree
Lair:5:   nicolae_volcano_entry_s_turn
Lair:6:   minmay_lair_end_enchanted_forest, minmay_slime_entry_pillars,
          infiniplex_staircase_pool_2, lemuel_fruit_fields
Spider:1: nicolae_spider_nook, uniq_rupert
Spider:2: nicolae_spider_stair_cavern, uniq_arachne, uniq_azrael
Orc:1:    enter_bailey_8, uniq_urug, uniq_snorg
Orc:2:    grunt_orc_community_town_hall, grunt_orc_community_big_house_1,
          grunt_orc_community_big_house_1, grunt_orc_community_house_1,
          grunt_orc_community_house_1, grunt_orc_community_house_3,
          grunt_orc_community_house_2
Lab:      nicolae_lab_swirl
Bailey:   bailey_axe_of_yendor_kennysheep, bailey

Table legend:
 A = Turns spent in this place as a percentage of turns spent in the entire game.
 B = Non-inter-level travel turns spent in this place as a percentage of non-inter-level travel turns spent in the entire game.
 C = Inter-level travel turns spent in this place as a percentage of turns spent in this place.
 D = Turns resting spent in this place as a percentage of non-inter-level travel turns spent in this place.
 E = Turns spent auto-exploring this place as a percentage of non-inter-level travel turns spent in this place.
 F = Non-inter-level travel turns spent in this place divided by the number of levels of this place that you've seen.
                   A       B       C       D       E      F
               +-------+-------+-------+-------+-------+----------------------
         Total | 100.0 | 100.0 |   0.4 |   0.2 |   5.5 | 479.8
       Dungeon |  34.9 |  34.8 |   0.6 |   0.2 |   8.4 | 333.8
          Lair |  30.4 |  30.4 |   0.5 |   0.3 |   4.4 | 582.8
   Spider Nest |   5.8 |   5.8 |   0.1 |   0.3 |   8.9 | 336.0
  Orcish Mines |   6.1 |   6.1 |   0.6 |   0.0 |   8.1 | 351.5
     Labyrinth |  20.5 |  20.5 |   0.0 |   0.0 |   0.0 | 2366.0
        Bailey |   2.3 |   2.4 |   0.0 |   0.0 |   9.2 | 271.0
               +-------+-------+-------+-------+-------+----------------------

Table legend:
 A = Kills in this place as a percentage of kills in entire the game.
 B = Kills by you in this place as a percentage of kills by you in the entire game.
 C = Kills by friends in this place as a percentage of kills by friends in the entire game.
 D = Other kills in this place as a percentage of other kills in the entire game.
 E = Experience gained in this place as a percentage of experience gained in the entire game.
 F = Experience gained in this place divided by the number of levels of this place that you have seen.
                   A       B       C       D       E      F
               +-------+-------+-------+-------+-------+----------------------
         Total | 100.0 | 100.0 | 100.0 | 100.0 | 100.0 | 5751.5
       Dungeon |  41.4 |  42.5 |  18.5 |   0.0 |  19.7 | 2263.7
          Lair |  30.4 |  30.1 |  44.4 |  18.2 |  38.5 | 8867.3
   Spider Nest |   9.5 |   9.2 |  14.8 |  27.3 |  27.5 | 18957.0
  Orcish Mines |  13.8 |  13.1 |  22.2 |  45.5 |  11.1 | 7653.0
     Labyrinth |   0.5 |   0.5 |   0.0 |   0.0 |   1.3 | 1853.0
        Bailey |   4.4 |   4.5 |   0.0 |   9.1 |   1.9 | 2596.0
               +-------+-------+-------+-------+-------+----------------------
